 Dungeon Crawl Stone Soup version 0.30-a0-702-gdf48620a09 (webtiles) character file.

Game seed: 10154209473282218146

473 ASSMAN the Slasher (level 6, -1/53 HPs)
             Began as an Armataur Berserker on Jan 21, 2023.
             Was a Believer of Trog.
             Slain by a kobold brigand
             ... wielding a +0 club
              (3 damage)
             ... in a sewer.
             The game lasted 00:06:50 (2860 turns).

ASSMAN the Slasher (Armataur Berserker)             Turns: 2860, Time: 00:06:50

Health: -1/53      AC:  6    Str: 25    XL:     6   Next: 83%
Magic:  0/6        EV:  9    Int:  7    God:    Trog [**....]
Gold:   154        SH:  0    Dex:  9    Spells: 5/5 levels left

rFire   + . .      SeeInvis .    a - +0 falchion
rCold   + . .      Faith    .    (no shield)
rNeg    . . .      Spirit   +    i - +0 ring mail
rPois   +          Reflect  .    (no helmet)
rElec   +          Harm     .    (no cloak)
rCorr   +          Roll     +    (no gloves)
Will    .....                    (no barding) Stlth
                                 h - amulet of guardian spirit
HPRegen 0.28/turn                (no ring)
MPRegen 0.10/turn                (no ring)

@: lethally poisoned (-1 -> -7), resistant, flying
A: large, rugged brown scales 3, deformed body, armoured tail, roll, long
tongue, awkward tongue
a: Renounce Religion, Berserk, Trog's Hand


You were in a sewer.
You worshipped Trog.
Trog was pleased with you.
You visited 1 branch of the dungeon, and saw 5 of its levels.
You also visited: Sewer.

You collected 154 gold pieces.

Inventory:

Hand Weapons
 a - a +0 falchion (weapon)
Armour
 i - a +0 ring mail (worn)
Jewellery
 h - an amulet of guardian spirit (around neck)
 p - a +6 ring of dexterity
Scrolls
 b - 2 scrolls of amnesia {unknown}
 c - 3 scrolls of vulnerability {unknown}
 d - 3 scrolls of teleportation {unknown}
 f - 5 scrolls of identify {unknown}
 g - a scroll of enchant weapon {unknown}
 j - 3 scrolls of magic mapping {unknown}
Potions
 n - a potion of curing {unknown}
 o - a potion of berserk rage {unknown}


   Skills:
 - Level 2.6 Fighting
 + Level 7.1 Long Blades
 - Level 2.4 Armour
 - Level 1.3 Dodging


You had 5 spell levels left.
You didn't know any spells.
Your spell library contained the following spells:

 Spells                   Type           Power      Damage    Failure   Level
 Gell's Gravitas          Tloc           0%         N/A       91%         3
 Teleport Other           Tloc           0%         N/A       91%         3
 Dispersal                Tloc           0%         N/A       100%        6


Dungeon Overview and Level Annotations

Branches:
Dungeon (5/15)              Sewer (1/1)
 Temple: D:4-7

Altars:
Ashenzari

Shops:
D:4 [


Innate Abilities, Weirdness & Mutations

You are completely covered in rugged brown scales. (AC +3, +7% HP)
Armour fits poorly on your strangely shaped body.
You have a long armoured tail.
You roll when moving toward enemies. (Rampage)
Your long tongue fully drains potion bottles. (2x potion effects)
Your tongue gives you trouble enunciating. (1.5x scroll delay)


Message History

There are monsters nearby!
You feel very sick.
You feel very sick.
You feel very sick.
The kobold brigand throws a curare-tipped dart.
The curare-tipped dart hits you.
You are more poisoned.
You have difficulty breathing.
You feel as though you will be slow longer.
You slurp down every last drop of the murky brown potion!
It was a potion of haste.
You feel yourself speed up.
You feel extremely sick. The kobold brigand barely misses you.
The kobold brigand hits you with a +0 dagger.
The kobold brigand splashes around in the water.
You slurp down every last drop of the fuming cyan potion!
It was a potion of cancellation.
Your magical effects are unravelling.
You feel magically purged.
You feel yourself speed up.
You feel yourself slow down.
You feel very sick.
The kobold brigand hits you but does no damage.
The kobold brigand hits you with a +0 club.
* * * LOW HITPOINT WARNING * * *
You slurp down every last drop of the fuming silvery potion!
It was a potion of flight.
You feel very buoyant.
You fly up into the air.
* * * LOW HITPOINT WARNING * * *
You feel very sick.
The kobold brigand hits you with a +0 club!
* * * LOW HITPOINT WARNING * * *
The kobold brigand splashes around in the water.
You slurp down every last drop of the fizzy ruby potion!
It was a potion of resistance.
You feel protected.
* * * LOW HITPOINT WARNING * * *
You feel sick.
The kobold brigand hits you with a +0 club.
You die...

~~~.##~~ #....~.~
#~~~~.. #~~....
#~~~.~~ #~~~~..
####### ##~~.~..
#.~~K.##### ##~.~....
#@..~~####~~~.##~.
#.~~K~###~~.~.~..####~
####### #~~.~~.~.# #~
#.~~~.###~~...~.## .~
#####†~~~~####### .~
#.~)~~##### ~. #######
#


You could see 2 kobold brigands.

Vanquished Creatures
  A kobold brigand (Sewer)
  3 scorpions
  An orc priest (D:3)
  2 iguanas (D:4)
  3 gnolls (D:4)
  2 river rats (D:5)
  4 adders
  A dart slug (D:2)
  4 orcs (D:3)
  8 bats
  3 endoplasms
  4 giant cockroaches
  3 goblins
  4 hobgoblins
  5 kobolds
  A quokka (D:4)
  12 ball pythons
  2 frilled lizards
  5 rats
68 creatures vanquished.

Notes
Turn   | Place    | Note
-------+----------+-------------------------------------------
     0 | D:1      | ASSMAN the Armataur Berserker began the quest for the Orb.
     0 | D:1      | Reached XP level 1. HP: 19/19 MP: 1/1
   115 | D:1      | Reached skill level 3 in Long Blades
   261 | D:1      | Reached XP level 2. HP: 26/26 MP: 2/2
   549 | D:1      | You fall into a shaft and drop 1 floor!
   567 | D:2      | Reached XP level 3. HP: 32/32 MP: 3/3
   756 | D:2      | Reached skill level 4 in Long Blades
  1048 | D:2      | Reached ** piety under Trog
  1376 | D:3      | Reached XP level 4. HP: 39/39 MP: 2/4
  1477 | D:3      | Reached skill level 5 in Long Blades
  1607 | D:3      | Noticed a scorpion
  1614 | D:3      | Killed a scorpion
  1615 | D:3      | Reached XP level 5. HP: 44/44 MP: 3/5
  1743 | D:4      | Reached skill level 6 in Long Blades
  1885 | D:4      | Reached XP level 6. HP: 37/53 MP: 3/6
  2161 | D:4      | Found a broken altar of Ashenzari.
  2591 | D:4      | Found Yjoer's Armour Emporium.
  2677 | D:5      | Entered Level 5 of the Dungeon
  2695 | D:5      | Found a glowing drain.
  2725 | Sewer    | Entered a sewer
  2827 | Sewer    | Reached skill level 7 in Long Blades
  2860 | Sewer    | HP: 2/53 [poisoned by a kobold brigand (curare-tipped
                  | dart)]
  2860 | Sewer    | Slain by a kobold brigand

Illustrated notes

Levels and vault maps discovered:
D:1:      minmay_arrival_wavy_path, layout_rooms, serial_curves, eino_curves_02,
          eino_curves_02
D:2:      layout_basic, kennysheep_potato
D:3:      layout_rooms
D:4:      layout_loops_ring, mainiacjoe_overflow_paths, serial_shops,
          kennysheep_little_box
D:5:      layout_basic, mainiacjoe_overflow_catwalk_spiral, temple_hall,
          portal_sewer_entry_b, uniq_duvessa, uniq_grinder, uniq_ijyb
Sewer:    sewer_co_tree

Skill      XL: |  1  2  3  4  5  6 |
---------------+-------------------+-----
Long Blades    | 3 4 5 6 7 |  7.1
Fighting       | |  2.6
Armour         | |  2.4
Dodging        | |  1.3

Action                   |  1- 3 |  4- 6 || total
-------------------------+-------+-------++-------
Melee: Falchion          |    89 |    99 ||   188
       Tailslap          |    11 |    14 ||    25
Invok: Berserk           |     3 |     5 ||     8
  Use: Potion            |       |     4 ||     4
 Stab: Sleeping          |     2 |       ||     2
Armor: Animal skin       |    27 |       ||    27
       Ring mail         |    11 |    42 ||    53
Dodge: Dodged            |    61 |    37 ||    98

Table legend: (Time is in decaauts)
 A = Elapsed time spent in this place.
 B = Non-inter-level travel time spent in this place.
 C = Inter-level travel time spent in this place.
 D = Time resting spent in this place.
 E = Time spent auto-exploring this place.
 F = Levels seen in this place.
 G = Mean time per level.
                   A        B        C        D        E       F      G
               +--------+--------+--------+--------+--------+-----+--------+
         Total |   2935 |   2864 |     71 |    145 |   2298 |   6 |  489.2 |
       Dungeon |   2787 |   2716 |     71 |    124 |   2193 |   5 |  557.4 |
         Sewer |    147 |    147 |      0 |     21 |    105 |   1 |  147.0 |
               +--------+--------+--------+--------+--------+-----+--------+

Top non-repeatable levels by time:
     D:4: 972 daAuts
     D:2: 767 daAuts
     D:1: 566 daAuts
     D:3: 437 daAuts
   Sewer: 147 daAuts
     D:5: 44 daAuts
